 Dungeon Crawl Stone Soup version 0.29-a0-91-gdebf4667c2 (webtiles) character file.

Game seed: 2095387114868322458

3168 Dordric the Martial Artist (level 9, -1/70 HPs)
             Began as a Ghoul Monk on Feb 8, 2022.
             Was a Believer of Makhleb.
             Slain by a wight (5 damage)
             ... on level 6 of the Dungeon.
             The game lasted 00:11:42 (7546 turns).

Dordric the Martial Artist (Ghoul Monk)             Turns: 7546, Time: 00:11:42

Health: -1/70      AC:  7    Str: 15    XL:     9   Next: 94%
Magic:  8/8        EV: 12    Int:  5    God:    Makhleb [**....]
Gold:   377        SH:  0    Dex: 15    Spells: 8/8 levels left

rFire   . . .      SeeInvis .     - Unarmed
rCold   + . .      Faith    .   (no shield)
rNeg    + + +      Spirit   .   g - +0 ring mail
rPois   ∞          Reflect  .   (no helmet)
rElec   .          Harm     .   (no cloak)
rCorr   .          Rampage  .   (no gloves)
Will    .....                   u - +1 pair of boots
Stlth   +.........              (no amulet)
HPRegen 0.00/turn               (no ring)
MPRegen 0.11/turn               (no ring)

@: inhibited regen, invisible
A: claws 1, cold resistance 1, negative energy resistance 3, inhibited
regeneration, torment resistance 2
a: Renounce Religion, Minor Destruction


You were on level 6 of the Dungeon.
You worshipped Makhleb.
Makhleb was pleased with you.
You visited 2 branches of the dungeon, and saw 8 of its levels.

You collected 377 gold pieces.

Inventory:

Armour
 a - a +0 robe
 b - a +0 pair of boots
 d - a +0 troll leather armour {Pargi}
 g - a +0 ring mail (worn)
 u - a +1 pair of boots (worn)
Jewellery
 r - a +6 ring of dexterity
Wands
 j - a wand of charming (19)
 n - a wand of digging (1)
Scrolls
 c - 3 scrolls of enchant weapon
 e - 2 scrolls of identify {unknown}
 h - 2 scrolls of vulnerability
 l - a scroll of noise {unknown}
 o - 2 scrolls of blinking {unknown}
 q - 2 scrolls of brand weapon {unknown}
 s - 2 scrolls of teleportation
 t - a scroll of immolation {unknown}
Potions
 f - a potion of mutation {unknown}
 i - a potion of invisibility
 k - a potion of brilliance {unknown}
 m - a potion of cancellation
 p - a potion of degeneration {unknown}


   Skills:
 - Level 3.2 Fighting
 + Level 5.1 Dodging
 - Level 2.1 Stealth
 + Level 14.1 Unarmed Combat


You had 8 spell levels left.
You didn't know any spells.
Your spell library contained the following spells:

 Spells                   Type           Power      Damage    Failure   Level
 Foxfire                  Conj/Fire      0%         2x1d4     71%         1
 Ensorcelled Hibernation  Hex/Ice        0%         N/A       85%         2
 Conjure Flame            Conj/Fire      0%         6-21      97%         3
 Inner Flame              Hex/Fire       0%         N/A       97%         3
 Anguish                  Hex/Necr       0%         N/A       100%        4
 Flame Wave               Conj/Fire      0%         2d4       100%        4
 Spider Form              Tmut/Pois      Unusable   N/A       N/A         3

Dungeon Overview and Level Annotations

Branches:
Dungeon (7/15)             Temple (1/1) D:4

Altars:
Ashenzari
Elyvilon
Gozag
Makhleb
Okawaru
Qazlal
Sif Muna
Trog
Uskayaw
Vehumet
Wu Jian
Xom
Yredelemnul
Zin
The Shining One

Annotations:
D:6 1 runed translucent door, Crazy Yiuf


Innate Abilities, Weirdness & Mutations

You thrive by killing the living.
You are immune to poison.
You have sharp fingernails.
Your flesh is cold resistant. (rC+)
You are immune to negative energy. (rN+++)
You do not regenerate when monsters are visible.
You are immune to unholy pain and torment.


Message History

You claw the wight!
The wight is severely damaged.
The wight hits you with a +3 halberd of freezing.
The wight freezes you.
You barely miss the wight. You claw the wight.
The wight is almost destroyed.
The wight hits you with a +3 halberd of freezing.
You claw the wight!
You destroy the wight!
Makhleb accepts your kill.
You feel better. The wight closely misses you.
A wight comes into view. It is wielding a +5 spear of freezing.
You closely miss the wight. The wight hits you with a +0 hand axe.
You barely miss the wight. The wight hits you with a +0 hand axe.
You scratch the wight.
The wight is lightly damaged.
You barely miss the wight.
The wight is lightly damaged.
The wight hits you with a +0 hand axe!
You completely miss the wight.
The wight is lightly damaged.
The wight hits you with a +0 battleaxe! The wight hits you with a +0 hand axe.
You are too injured to fight recklessly!
You are too injured to fight recklessly!
The wight barely misses you.
Items here: (( )) ††.
Things that are here:
a +0 dagger; a scroll labelled VIMOCROEDE; a kobold corpse
There is a stone staircase leading up here.
The wight hits you with a +0 battleaxe!!
* * * LOW HITPOINT WARNING * * *
You climb upwards.
Level annotation: 1 runed translucent door, Crazy Yiuf
There is a stone staircase leading down here.
It was a potion of cancellation.
You feel magically purged. The wight closely misses you.
It was a potion of invisibility.
You fade into invisibility!
The wight hits you with a +0 battleaxe.
You die...

...####.########.#####.#####.#...
...####....## #.......# #.#...
...#....##..# #..##########.#...
.....##.###.####.................
.#.####..........)###########....
....####.....###....## ##....
#.....#.......##..#..#### ##...##
###......(....)....#....# #......
##..#......[..@.......###......
##..........[z.[..............
#...........>................
#.#............[.....#.......
#####......................#.....
.........................###.....
.....................[...########
.................................
.......###..............#..######


You could see a wight.

Vanquished Creatures
  Grinder (D:3)
  A meliai zombie (D:6)
  A shadow (D:6)
  Sigmund (D:4)
  Eustachio (D:4)
  A steam dragon (D:5)
  An orc warrior (D:6)
  3 ice beasts
  Pargi (D:3)
  A black bear (D:3)
  A necrophage (D:4)
  An ogre (D:6)
  2 phantoms
  A kobold brigand (D:7)
  A wyvern zombie (D:5)
  A gnoll sergeant (D:4)
  A scorpion (D:5)
  6 wights
  A howler monkey (D:2)
  4 hounds
  An orc priest (D:5)
  A centaur skeleton (D:6)
  2 jellies (D:5)
  A bullfrog skeleton (D:5)
  An iguana (D:6)
  Natasha (thrice) (D:4)
  7 orc wizards
  Robin (D:3)
  9 gnolls
  9 adders
  A white imp (D:4)
  2 worms
  5 dart slugs
  8 orcs
  4 endoplasms
  4 giant cockroaches
  14 goblins
  9 hobgoblins
  6 quokkas
  5 ball pythons
  3 bats (D:2)
  6 frilled lizards
  7 kobolds
  6 rats (D:2)
146 creatures vanquished.

Vanquished Creatures (others)
  An orc (D:6)
  4 fungi (D:2)
  9 plants (D:2)
14 creatures vanquished.

Grand Total: 160 creatures vanquished

Notes
Turn   | Place    | Note
-------+----------+-------------------------------------------
     0 | D:1      | Dordric the Ghoul Monk began the quest for the Orb.
     0 | D:1      | Reached XP level 1. HP: 19/19 MP: 0/0
   215 | D:1      | Reached XP level 2. HP: 26/26 MP: 1/1
   300 | D:1      | Reached skill level 4 in Unarmed Combat
   985 | D:1      | Reached XP level 3. HP: 7/31 MP: 2/2
  1252 | D:2      | Found a faded altar of an unknown god.
  1553 | D:2      | Reached skill level 5 in Unarmed Combat
  1562 | D:2      | Reached XP level 4. HP: 30/38 MP: 3/3
  1775 | D:2      | Reached skill level 6 in Unarmed Combat
  1812 | D:2      | Reached XP level 5. HP: 31/45 MP: 4/4
  2384 | D:3      | Noticed Pargi
  2578 | D:3      | Noticed Grinder
  2597 | D:3      | Killed Grinder
  2598 | D:3      | Reached skill level 8 in Unarmed Combat
  2598 | D:3      | Reached XP level 6. HP: 43/51 MP: 5/5
  2806 | D:3      | Killed Pargi
  2807 | D:3      | Reached XP level 7. HP: 53/57 MP: 6/6
  2863 | D:3      | Noticed Robin
  2880 | D:3      | Killed Robin
  3252 | D:4      | Noticed Sigmund
  3368 | D:3      | Reached skill level 9 in Unarmed Combat
  3695 | D:4      | Noticed Eustachio
  3698 | D:4      | Noticed Natasha
  3947 | D:3      | Reached skill level 10 in Unarmed Combat
  4256 | D:4      | Killed Natasha
  4257 | D:4      | Reached XP level 8. HP: 54/63 MP: 7/7
  4398 | D:4      | Killed Eustachio
  4472 | D:4      | Found a staircase to the Ecumenical Temple.
  4497 | D:4      | Noticed Natasha
  4529 | Temple   | Entered the Ecumenical Temple
  4537 | Temple   | Became a worshipper of Makhleb the Destroyer
  4537 | Temple   | Reached * piety under Makhleb
  4537 | Temple   | Reached ** piety under Makhleb
  4566 | D:4      | Killed Natasha
  4613 | D:4      | Noticed Natasha
  4707 | D:4      | Killed Natasha
  4909 | D:4      | Killed Sigmund
  4910 | D:4      | Reached skill level 11 in Unarmed Combat
  5015 | D:5      | Entered Level 5 of the Dungeon
  5372 | D:5      | Reached skill level 12 in Unarmed Combat
  5427 | D:5      | Found a basalt altar of Yredelemnul.
  5434 | D:5      | Found a bloodstained altar of Trog.
  5624 | D:5      | Reached XP level 9. HP: 70/70 MP: 8/8
  5791 | D:5      | Reached skill level 13 in Unarmed Combat
  7280 | D:6      | Reached skill level 14 in Unarmed Combat
  7463 | D:6      | Found a runed translucent door.
  7464 | D:6      | Noticed Crazy Yiuf
  7517 | D:7      | Reached skill level 5 in Dodging
  7546 | D:6      | Slain by a wight

Illustrated notes

Levels and vault maps discovered:
D:1:      saegor_arrival_simple_a, layout_basic
D:2:      layout_loops_ring, dreamdust_ecumenical_altar_grove,
          serial_bayou_pond_b, minmay_circle_x
D:3:      layout_loops_ring, serial_bayou_crossing, uniq_grinder, uniq_robin,
          uniq_pargi
D:4:      layout_cave_pools, kennysheep_mini, lemuel_temple_firewalk_a,
          minivault_19, uniq_natasha, uniq_sigmund, uniq_eustachio
D:5:      layout_cave_pools, grunt_temple_overflow_open, grunt_ministairs_14
D:6:      layout_rooms, nicolae_ossuary_entry_plus, uniq_crazy_yiuf_cottage
D:7:      gammafunk_beogh_shrine, layout_basic, mainiacjoe_overflow_catwalk,
          nicolae_shop_fire_sale [nicolae_sub_dead_trees]
Temple:   nicolae_temple_no_exploring_needed

Skill      XL: |  1  2  3  4  5  6  7  8  9 |
---------------+----------------------------+-----
Unarmed Combat | 4 5 6 8 10 12 14 | 14.1
Dodging        | 5 |  5.1
Fighting       | |  3.2
Stealth        | |  2.1

Action                   |  1- 3 |  4- 6 |  7- 9 || total
-------------------------+-------+-------+-------++-------
Melee: Unarmed           |    59 |    97 |   295 ||   451
       Punch             |     2 |     3 |    27 ||    32
Invok: Minor Destruction |       |       |    10 ||    10
Evoke: Wand              |       |     1 |       ||     1
  Use: Scroll            |       |     3 |     1 ||     4
       Potion            |       |     1 |     3 ||     4
 Stab: Sleeping          |     6 |       |     2 ||     8
Armor: Robe              |     5 |       |       ||     5
       Ring mail         |     7 |    36 |    84 ||   127
       Troll leather arm |       |       |     8 ||     8
Dodge: Dodged            |    33 |    53 |   155 ||   241

Table legend: (Time is in decaauts)
 A = Elapsed time spent in this place.
 B = Non-inter-level travel time spent in this place.
 C = Inter-level travel time spent in this place.
 D = Time resting spent in this place.
 E = Time spent auto-exploring this place.
 F = Levels seen in this place.
 G = Mean time per level.
                   A        B        C        D        E       F      G
               +--------+--------+--------+--------+--------+-----+--------+
         Total |   7499 |   7271 |    228 |      0 |   5824 |   8 |  937.4 |
       Dungeon |   7483 |   7255 |    228 |      0 |   5824 |   7 | 1069.0 |
        Temple |     15 |     15 |      0 |      0 |      0 |   1 |   15.0 |
               +--------+--------+--------+--------+--------+-----+--------+

Top non-repeatable levels by time:
     D:3: 1761 daAuts
     D:5: 1398 daAuts
     D:1: 1374 daAuts
     D:4: 1147 daAuts
     D:6: 915 daAuts
     D:2: 855 daAuts
     D:7: 31 daAuts
  Temple: 15 daAuts
